% Time on Ice - VICTORIA GLADIATORS
Lines # - Real PCT - Wanted PCT - Time Play
Normal Forward
1 - 35% - 36% - 18:48
2 - 33% - 34% - 17:50
3 - 21% - 23% - 11:19
4 - 11% - 7% - 5:42
Normal Defense
1 - 41% - 40% - 21:46
2 - 35% - 35% - 18:51
3 - 24% - 25% - 13:02
4 - 0% - 0% - 0:00
PP Forward
1 - 54% - 50% - 1:04
2 - 46% - 50% - 0:55
PP Defense
1 - 46% - 50% - 0:55
2 - 54% - 50% - 1:04
PK Forward
1 - 53% - 50% - 2:06
2 - 47% - 50% - 1:52
PK Defense
1 - 54% - 50% - 2:09
2 - 46% - 50% - 1:49
PK3 Forward
1 - 0% - 50%
2 - 0% - 50%
PK3 Defense
1 - 0% - 50%
2 - 0% - 50%
44 Forward
1 - 0% - 50%
2 - 0% - 50%
44 Defense
1 - 0% - 50%
2 - 0% - 50%
Last Minute Offensive  - 0:24
Last Minute Defensive  - 0:00
Total
Forward - 60:00
Defense - 60:00
% Time on Ice - LONG BEACH BARACUDAS
Lines # - Real PCT - Wanted PCT - Time Play
Normal Forward
1 - 36% - 39% - 19:03
2 - 30% - 33% - 16:06
3 - 22% - 18% - 11:36
4 - 13% - 10% - 6:54
Normal Defense
1 - 39% - 40% - 21:07
2 - 29% - 30% - 15:36
3 - 23% - 15% - 12:27
4 - 8% - 15% - 4:29
PP Forward
1 - 53% - 51% - 2:07
2 - 47% - 49% - 1:51
PP Defense
1 - 53% - 55% - 2:07
2 - 47% - 45% - 1:51
PK Forward
1 - 71% - 60% - 1:24
2 - 29% - 40% - 0:35
PK Defense
1 - 63% - 55% - 1:15
2 - 37% - 45% - 0:44
PK3 Forward
1 - 0% - 55%
2 - 0% - 45%
PK3 Defense
1 - 0% - 55%
2 - 0% - 45%
44 Forward
1 - 0% - 55%
2 - 0% - 45%
44 Defense
1 - 0% - 55%
2 - 0% - 45%
Last Minute Offensive  - 0:00
Last Minute Defensive  - 0:24
Total
Forward - 60:00
Defense - 60:00
Play-by-Play 1st period 0:01 of 1st period - Jakub Voracek wins face-off versus Brock Nelson in neutral zone. 0:17 of 1st period - Shot by Steven Stamkos. 0:17 of 1st period - Shot Misses the Net. 0:19 of 1st period - Shot by Taylor Hall. 0:19 of 1st period - Goal by Taylor Hall - VICTORIA GLADIATORS : 0 - LONG BEACH BARACUDAS : 1. 0:20 of 1st period - Derek Stepan wins face-off versus Mikael Backlund in neutral zone. 0:25 of 1st period - Shot by Reyley Smith. 0:25 of 1st period - Stopped by Carter Hart without a rebound. 0:26 of 1st period - Mikael Granlund wins face-off versus Johan Larsson in VICTORIA GLADIATORS zone. 0:35 of 1st period - Shot by Mikael Granlund. 0:35 of 1st period - Stopped by Carter Hart without a rebound. 0:36 of 1st period - Mikael Backlund wins face-off versus Derek Stepan in VICTORIA GLADIATORS zone. 0:51 of 1st period - Shot by Conor Garland. 0:51 of 1st period - Stopped by Jonathan Quick without a rebound. 0:52 of 1st period - Derek Grant wins face-off versus Brad Richardson in LONG BEACH BARACUDAS zone. 1:12 of 1st period - Shot by Andreas Johnsson. 1:12 of 1st period - Shot Misses the Net. 1:59 of 1st period - Shot by Jakub Voracek. 1:59 of 1st period - Shot Blocked by Alex Pietrangelo. 2:01 of 1st period - Shot by Esa Lindell. 2:01 of 1st period - Stopped by Jonathan Quick with a rebound. 2:09 of 1st period - Shot by Bryan Rust. 2:09 of 1st period - Stopped by Jonathan Quick without a rebound. 2:10 of 1st period - Mikael Backlund wins face-off versus Derek Stepan in LONG BEACH BARACUDAS zone. 2:11 of 1st period - Shot by Kyle Connor. 2:11 of 1st period - Shot Misses the Net. 2:21 of 1st period - Shot by Conor Garland. 2:21 of 1st period - Shot Misses the Net. 2:46 of 1st period - Kyle Connor is hit by Michael Del Zotto and loses puck. 3:15 of 1st period - Shot by Taylor Hall. 3:15 of 1st period - Deflect By Steven Stamkos. 3:15 of 1st period - Shot Misses the Net. 3:33 of 1st period - Icing by Duncan Keith. 3:34 of 1st period - Johan Larsson wins face-off versus Pierre-Edouard Bellemare in VICTORIA GLADIATORS zone. 3:52 of 1st period - Shot by Mikael Granlund. 3:52 of 1st period - Stopped by Carter Hart without a rebound. 3:53 of 1st period - Brock Nelson wins face-off versus Anze Kopitar in VICTORIA GLADIATORS zone. 3:54 of 1st period - Shot by Taylor Hall. 3:54 of 1st period - Shot Blocked by Torey Krug. 3:57 of 1st period - Icing by Nick Holden. 3:58 of 1st period - Anze Kopitar wins face-off versus Brock Nelson in VICTORIA GLADIATORS zone. 4:04 of 1st period - Ron Hainsey is hit by Anze Kopitar and loses puck. 4:13 of 1st period - Shot by Bryan Rust. 4:13 of 1st period - Deflect By Jakub Voracek. 4:13 of 1st period - Shot Misses the Net. 4:15 of 1st period - Shot by Nick Holden. 4:15 of 1st period - Shot Blocked by Alex Pietrangelo. 4:25 of 1st period - Shot by Anze Kopitar. 4:25 of 1st period - Stopped by Jonathan Quick without a rebound. 4:26 of 1st period - Mikael Backlund wins face-off versus Mikael Granlund in LONG BEACH BARACUDAS zone. 4:36 of 1st period - Icing by Nikita Zaitsev. 4:37 of 1st period - Mikael Backlund wins face-off versus Derek Stepan in VICTORIA GLADIATORS zone. 4:46 of 1st period - Shot by Kyle Connor. 4:46 of 1st period - Stopped by Jonathan Quick without a rebound. 4:47 of 1st period - Pierre-Edouard Bellemare wins face-off versus Anze Kopitar in LONG BEACH BARACUDAS zone. 4:47 of 1st period - Pierre-Edouard Bellemare is hit by Bryan Rust. 4:50 of 1st period - Icing by J.T. Compher. 4:51 of 1st period - Anze Kopitar wins face-off versus Pierre-Edouard Bellemare in LONG BEACH BARACUDAS zone. 4:52 of 1st period - Shot by Bryan Rust. 4:52 of 1st period - Stopped by Jonathan Quick without a rebound. 4:53 of 1st period - Anze Kopitar wins face-off versus Brock Nelson in LONG BEACH BARACUDAS zone. 5:08 of 1st period - Shot by Alex Pietrangelo. 5:08 of 1st period - Shot Misses the Net. 5:21 of 1st period - Icing by Brady Skjei. 5:22 of 1st period - Anze Kopitar wins face-off versus Derek Stepan in VICTORIA GLADIATORS zone. 5:32 of 1st period - Shot by Kyle Palmieri. 5:32 of 1st period - Shot Blocked by Brady Skjei. 5:34 of 1st period - Shot by Derek Stepan. 5:34 of 1st period - Shot Blocked by Brady Skjei. 5:52 of 1st period - Shot by Reyley Smith. 5:52 of 1st period - Shot Blocked by Brady Skjei. 5:58 of 1st period - Shot by Kyle Palmieri. 5:58 of 1st period - Shot Blocked by Brady Skjei. 6:37 of 1st period - Icing by Esa Lindell. 6:38 of 1st period - Brock Nelson wins face-off versus Mikael Backlund in VICTORIA GLADIATORS zone. 6:50 of 1st period - Shot by Brock Nelson. 6:50 of 1st period - Stopped by Carter Hart with a rebound. 6:52 of 1st period - Shot by Brock Nelson. 6:52 of 1st period - Stopped by Carter Hart without a rebound. 6:53 of 1st period - Brad Richardson wins face-off versus Johan Larsson in VICTORIA GLADIATORS zone. 7:02 of 1st period - Shot by Andreas Johnsson. 7:02 of 1st period - Goal by Andreas Johnsson - VICTORIA GLADIATORS : 0 - LONG BEACH BARACUDAS : 2. 7:03 of 1st period - Derek Grant wins face-off versus Brock Nelson in neutral zone. 7:20 of 1st period - Derek Grant is hit by Ron Hainsey and loses puck. 7:38 of 1st period - Icing by Derek Grant. 7:39 of 1st period - Derek Stepan wins face-off versus Derek Grant in VICTORIA GLADIATORS zone. 7:48 of 1st period - Shot by Kyle Palmieri. 7:48 of 1st period - Shot Blocked by Duncan Keith. 8:40 of 1st period - Shot by Torey Krug. 8:40 of 1st period - Deflect By Jared McCann. 8:40 of 1st period - Stopped by Jonathan Quick without a rebound. 8:41 of 1st period - Brock Nelson wins face-off versus Mikael Backlund in LONG BEACH BARACUDAS zone. 9:00 of 1st period - Shot by Steven Stamkos. 9:00 of 1st period - Shot Misses the Net. 9:03 of 1st period - Icing by Brady Skjei. 9:04 of 1st period - Pierre-Edouard Bellemare wins face-off versus Mikael Backlund in VICTORIA GLADIATORS zone. 9:05 of 1st period - Shot by J.T. Compher. 9:05 of 1st period - Shot Misses the Net. 9:06 of 1st period - Minor Penalty to J.T. Compher for Holding Stick. 9:07 of 1st period - Derek Stepan wins face-off versus Anze Kopitar in LONG BEACH BARACUDAS zone. 9:26 of 1st period - Shot by Torey Krug. 9:26 of 1st period - Stopped by Jonathan Quick without a rebound. 9:27 of 1st period - Mikael Backlund wins face-off versus Derek Stepan in LONG BEACH BARACUDAS zone. 9:48 of 1st period - Shot by Reyley Smith. 9:48 of 1st period - Shot Misses the Net. 9:56 of 1st period - Nikita Zaitsev is hit by Derek Stepan and loses puck. 10:09 of 1st period - Shot by Conor Garland. 10:09 of 1st period - Shot Blocked by Jordie Benn. 11:18 of 1st period - Shot by Loui Eriksson. 11:18 of 1st period - Shot Blocked by Esa Lindell. 11:20 of 1st period - Shot by Brandon Montour. 11:20 of 1st period - Stopped by Carter Hart without a rebound. 11:21 of 1st period - Derek Grant wins face-off versus Brock Nelson in VICTORIA GLADIATORS zone. 11:36 of 1st period - Taylor Hall is hit by Esa Lindell and loses puck. 11:41 of 1st period - Shot by Taylor Hall. 11:41 of 1st period - Stopped by Carter Hart with a rebound. 11:43 of 1st period - Shot by Brandon Montour. 11:43 of 1st period - Shot Misses the Net. 11:45 of 1st period - Shot by Alex Pietrangelo. 11:45 of 1st period - Stopped by Carter Hart without a rebound. 11:46 of 1st period - Pierre-Edouard Bellemare wins face-off versus Jared McCann in VICTORIA GLADIATORS zone. 12:57 of 1st period - Steven Stamkos is hit by Conor Garland and loses puck. 13:02 of 1st period - Shot by Kyle Connor. 13:02 of 1st period - Shot Misses the Net. 13:38 of 1st period - Icing by Brock Nelson. 13:39 of 1st period - Anze Kopitar wins face-off versus Brock Nelson in LONG BEACH BARACUDAS zone. 13:46 of 1st period - Shot by Anze Kopitar. 13:46 of 1st period - Shot Blocked by Brock Nelson. 14:15 of 1st period - Off-side. 14:16 of 1st period - Derek Grant wins face-off versus Pierre-Edouard Bellemare in neutral zone. 14:21 of 1st period - Icing by Ron Hainsey. 14:22 of 1st period - Pierre-Edouard Bellemare wins face-off versus Mikael Backlund in LONG BEACH BARACUDAS zone. 14:47 of 1st period - Shot by Mikael Backlund. 14:47 of 1st period - Shot Hit the Post. 15:16 of 1st period - Icing by Mikael Granlund. 15:17 of 1st period - Anze Kopitar wins face-off versus Pierre-Edouard Bellemare in LONG BEACH BARACUDAS zone. 15:48 of 1st period - Shot by Anze Kopitar. 15:48 of 1st period - Goal by Anze Kopitar - VICTORIA GLADIATORS : 1 - LONG BEACH BARACUDAS : 2. 15:49 of 1st period - Derek Stepan wins face-off versus Johan Larsson in neutral zone. 16:03 of 1st period - Reyley Smith is hit by Nikita Zaitsev and loses puck. 16:10 of 1st period - Shot by Kyle Palmieri. 16:10 of 1st period - Shot Misses the Net. 16:54 of 1st period - Shot by Brock Nelson. 16:54 of 1st period - Deflect By Steven Stamkos. 16:54 of 1st period - Stopped by Carter Hart without a rebound. 16:55 of 1st period - Brad Richardson wins face-off versus Bryan Rust in VICTORIA GLADIATORS zone. 16:58 of 1st period - Shot by Loui Eriksson. 16:58 of 1st period - Stopped by Carter Hart without a rebound. 16:59 of 1st period - Anze Kopitar wins face-off versus Brock Nelson in VICTORIA GLADIATORS zone. 17:45 of 1st period - Shot by Jakub Voracek. 17:45 of 1st period - Stopped by Jonathan Quick without a rebound. 17:46 of 1st period - Derek Stepan wins face-off versus Mikael Backlund in LONG BEACH BARACUDAS zone. 18:29 of 1st period - Off-side. 18:30 of 1st period - Johan Larsson wins face-off versus Brad Richardson in neutral zone. 18:35 of 1st period - Shot by Jared McCann. 18:35 of 1st period - Stopped by Jonathan Quick without a rebound. 18:36 of 1st period - Anze Kopitar wins face-off versus Brock Nelson in LONG BEACH BARACUDAS zone. 18:43 of 1st period - Shot by Jakub Voracek. 18:43 of 1st period - Shot Misses the Net. 18:45 of 1st period - Shot by Esa Lindell. 18:45 of 1st period - Stopped by Jonathan Quick without a rebound. 18:46 of 1st period - Anze Kopitar wins face-off versus Brock Nelson in LONG BEACH BARACUDAS zone. 18:57 of 1st period - Shot by Anze Kopitar. 18:57 of 1st period - Deflect By Jakub Voracek. 18:57 of 1st period - Stopped by Jonathan Quick with a rebound. 19:54 of 1st period - Shot by Conor Garland. 19:54 of 1st period - Stopped by Jonathan Quick without a rebound. 19:55 of 1st period - Derek Stepan wins face-off versus Johan Larsson in LONG BEACH BARACUDAS zone. Goals for this period are 1 for VICTORIA GLADIATORS vs 2 for LONG BEACH BARACUDAS. Shots for this period are 14 for VICTORIA GLADIATORS vs 12 for LONG BEACH BARACUDAS. 2nd period 0:01 of 2nd period - Derek Stepan wins face-off versus Mikael Backlund in neutral zone. 0:10 of 2nd period - Shot by Reyley Smith. 0:10 of 2nd period - Shot Misses the Net. 0:39 of 2nd period - Shot by Kyle Connor. 0:39 of 2nd period - Shot Misses the Net. 0:44 of 2nd period - Off-side. 0:45 of 2nd period - Brad Richardson wins face-off versus Anze Kopitar in neutral zone. 0:45 of 2nd period - Andreas Johnsson is hit by Jakub Voracek and loses puck. 0:46 of 2nd period - Andreas Johnsson from LONG BEACH BARACUDAS is injured at 0:46 of 2nd period (Strained Left Elbow). 0:47 of 2nd period - Brad Richardson wins face-off versus Anze Kopitar in neutral zone. 1:05 of 2nd period - Shot by Bryan Rust. 1:05 of 2nd period - Shot Blocked by Brandon Montour. 1:09 of 2nd period - Shot by Anze Kopitar. 1:09 of 2nd period - Stopped by Jonathan Quick without a rebound. 1:10 of 2nd period - Johan Larsson wins face-off versus Brock Nelson in LONG BEACH BARACUDAS zone. 1:10 of 2nd period - Mattias Janmark is hit by Michael Del Zotto and loses puck. 1:29 of 2nd period - Shot by Brock Nelson. 1:29 of 2nd period - Stopped by Carter Hart without a rebound. 1:30 of 2nd period - Mikael Backlund wins face-off versus Pierre-Edouard Bellemare in VICTORIA GLADIATORS zone. 2:01 of 2nd period - J.T. Compher is hit by Duncan Keith and loses puck. 2:02 of 2nd period - Minor Penalty to Esa Lindell for High sticking. 2:03 of 2nd period - Steven Stamkos wins face-off versus Johan Larsson in VICTORIA GLADIATORS zone. 3:35 of 2nd period - Shot by Reyley Smith. 3:35 of 2nd period - Stopped by Carter Hart without a rebound. 3:36 of 2nd period - Steven Stamkos wins face-off versus Johan Larsson in VICTORIA GLADIATORS zone. 3:47 of 2nd period - Shot by Derek Stepan. 3:47 of 2nd period - Shot Misses the Net. 3:56 of 2nd period - Off-side. 3:57 of 2nd period - Brock Nelson wins face-off versus Derek Grant in neutral zone. 4:04 of 2nd period - Shot by Reyley Smith. 4:04 of 2nd period - Shot Misses the Net. 4:06 of 2nd period - Shot by Loui Eriksson. 4:06 of 2nd period - Stopped by Carter Hart with a rebound. 4:10 of 2nd period - Shot by Loui Eriksson. 4:10 of 2nd period - Shot Misses the Net. 4:12 of 2nd period - Shot by Loui Eriksson. 4:12 of 2nd period - Stopped by Carter Hart without a rebound. 4:13 of 2nd period - Pierre-Edouard Bellemare wins face-off versus Mikael Backlund in VICTORIA GLADIATORS zone. 4:36 of 2nd period - Shot by Mikael Granlun